 Dungeon Sprint DCSS version 0.22.1-2-g9c5b331 (webtiles) character file.

146 diana the Basher (level 5, -4/57 HPs)
             Began as a Gargoyle Monk on Dec 3, 2018.
             Was a Believer of Trog.
             Slain by a wyvern (7 damage)
             ... in the Dungeon (Sprint IX: "|||||||||||||||||||||||||||||").
             The game lasted 00:01:02 (440 turns).

diana the Basher (Gargoyle Monk)                     Turns: 440, Time: 00:01:03

Health: -4/57      AC: 16    Str: 21    XL:     5   Next: 28%
Magic:  5/5        EV:  6    Int: 10    God:    Trog [**....]
Gold:   0          SH:  0    Dex: 12    Spells: 4/4 levels left

rFire    . . .     SeeInvis .   m - +2 morningstar (crush)
rCold    . . .     Gourm    .   (no shield)
rNeg     + . .     Faith    .   q - +0 plate armour
rPois    ∞         Spirit   .   (no helmet)
rElec    +         Reflect  .   o - +0 cloak
rCorr    .         Harm     .   n - +0 pair of gloves
MR       .....     NoTele   +   (no boots)
Stlth    ..........             (no amulet)
HPRegen  0.19/turn              (no ring)
MPRegen  0.09/turn              (no ring)

@: berserking, very quick
A: negative energy resistance 1, electricity resistance, unbreathing,
petrification resistance, rot immunity, AC +4
a: Berserk, Trog's Hand, Renounce Religion


You were in the Dungeon.
You worshipped Trog.
Trog was pleased with you.
You were not hungry.

You visited 1 branch

Inventory:

Hand Weapons
 a - a +0 mace
 m - a +2 morningstar of crushing (weapon)
Armour
 b - a +0 robe
 n - a +0 pair of gloves (worn)
 o - a +0 cloak (worn)
 q - a +0 plate armour (worn)
Jewellery
 p - a +3 ring of strength
 r - a +3 ring of intelligence
Wands
 l - a wand of acid (10)
Scrolls
 i - 2 scrolls of blinking
 k - 3 scrolls of remove curse
Potions
 d - a potion of invisibility
 e - 2 potions of heal wounds
 f - a potion of haste
 g - 4 potions of magic
 h - a potion of berserk rage
 j - 4 potions of curing
Comestibles
 c - a ration


   Skills:
 + Level 7.2 Fighting
 * Level 8.9 Maces & Flails
 - Level 2.4 Dodging
 - Level 2.1 Stealth


You had 4 spell levels left.
You didn't know any spells.
Your spell library was empty.

Dungeon Overview and Level Annotations

Branches:
Dungeon (1/1)

Altars:
Cheibriados
Dithmenos
Elyvilon
Fedhas
Gozag
Hepliaklqana
Kikubaaqudgha
Makhleb
Nemelex Xobeh
Okawaru
Qazlal
Ru
Sif Muna
Trog
Uskayaw
Vehumet
Wu Jian
Xom
Yredelemnul
Zin
The Shining One
Beogh
Jiyva
Lugonu


Innate Abilities, Weirdness & Mutations

You are resistant to torment.
Your stone body is resilient. (AC +4)
You are immune to poison.
You resist negative energy. (rN+)
You are resistant to electric shocks. (rElec)
You can survive without breathing.
You are immune to petrification.
You are immune to rotting.


Message History

You fail to use your ability.
The wyvern barely misses you.
The howler monkey hoots and howls with incredible vigour!
You hear a shout!
A red film seems to cover your vision as you go berserk!
You feel yourself moving faster!
You feel mighty!
You feel a lot more hungry. The wyvern bites you. The wyvern bites you!
* * * LOW HITPOINT WARNING * * *
You are too injured to fight recklessly!
You are too injured to fight recklessly!
You are too injured to fight recklessly!
You closely miss the wyvern.
The orc wizard gestures wildly while chanting.
The orc wizard blinks!
The wyvern bites you!
* * * LOW HITPOINT WARNING * * *
Your plate armour prevents you from hitting the wyvern.
The wyvern barely misses you.
You puncture the wyvern!
The wyvern is heavily wounded.
The wyvern bites you!
You die...

▓.▓
▓?▓
▓|▓
▓)▓
▓.▓
▓.▓
▓.▓
▓.▓
▓@▓
▓l▓
▓h▓
▓s▓
▓Z▓
▓o▓
▓.▓
▓.▓


You could see a wyvern, a scorpion, a howler monkey, an orc wizard and an adder
skeleton.

Vanquished Creatures
  A centaur (D)
  A jelly (D)
  A worker ant (D)
  An orc (D)
  A bat (D)
  A bat skeleton (D)
  A hobgoblin (D)
  A jackal (D)
  A quokka (D)
  A frilled lizard (D)
  A rat (D)
11 creatures vanquished.

Notes
Turn   | Place    | Note
-------+----------+-------------------------------------------
     0 | D        | diana the Gargoyle Monk began the quest for the Orb.
     0 | D        | Reached XP level 1. HP: 14/14 MP: 1/1
    19 | D        | Reached skill level 4 in Maces & Flails
    46 | D        | Noticed a centaur
    46 | D        | Noticed a jelly
    48 | D        | Reached XP level 2. HP: 20/20 MP: 2/2
    57 | D        | Killed a centaur
    57 | D        | Reached skill level 7 in Maces & Flails
    57 | D        | Reached XP level 3. HP: 9/27 MP: 3/3
    57 | D        | Reached XP level 4. HP: 11/32 MP: 4/4
    65 | D        | Reached skill level 8 in Maces & Flails
    65 | D        | Reached XP level 5. HP: 12/37 MP: 5/5
   266 | D        | Found a roughly hewn altar of Beogh.
   266 | D        | Found a snail-covered altar of Cheibriados.
   266 | D        | Found a shadowy altar of Dithmenos.
   266 | D        | Found a white marble altar of Elyvilon.
   266 | D        | Found a blossoming altar of Fedhas.
   266 | D        | Found an opulent altar of Gozag.
   267 | D        | Found a hazy altar of Hepliaklqana.
   268 | D        | Found a viscous altar of Jiyva.
   269 | D        | Found an ancient bone altar of Kikubaaqudgha.
   270 | D        | Found a corrupted altar of Lugonu.
   271 | D        | Found a burning altar of Makhleb.
   272 | D        | Found a sparkling altar of Nemelex Xobeh.
   273 | D        | Found an iron altar of Okawaru.
   274 | D        | Found a stormy altar of Qazlal.
   275 | D        | Found a sacrificial altar of Ru.
   276 | D        | Found a deep blue altar of Sif Muna.
   277 | D        | Found a bloodstained altar of Trog.
   278 | D        | Found a hide-covered altar of Uskayaw.
   279 | D        | Found a radiant altar of Vehumet.
   280 | D        | Found an ornate altar of the Wu Jian Council.
   281 | D        | Found a shimmering altar of Xom.
   282 | D        | Found a basalt altar of Yredelemnul.
   283 | D        | Found a glowing silver altar of Zin.
   284 | D        | Found a glowing golden altar of the Shining One.
   285 | D        | Became a worshipper of Trog the Wrathful
   285 | D        | Reached * piety under Trog
   285 | D        | Reached ** piety under Trog
   426 | D        | Noticed a wyvern
   438 | D        | HP: 2/57 [wyvern (7)]
   440 | D        | Slain by a wyvern

Skill      XL: |  1  2  3  4  5 |
---------------+----------------+-----
Maces & Flails | 4 7 8 |  8.9
Fighting       | 4 6 7 |  7.2
Dodging        | |  2.4
Stealth        | |  2.1

Action                   |  1- 3 |  4- 6 || total
-------------------------+-------+-------++-------
Melee: Mace              |    28 |    12 ||    40
       Morningstar       |       |    12 ||    12
Invok: Berserk           |       |     1 ||     1
  Use: Potion            |     1 |     1 ||     2
 Stab: Sleeping          |     2 |       ||     2
Armor: Robe              |     8 |     7 ||    15
       Plate armour      |       |     6 ||     6
Dodge: Dodged            |    27 |    16 ||    43
